 Seeded DCSS version 0.28.0-43-g3370ac3207 (webtiles) character file.

Game seed: 31415926 (custom seed)

141 prospektor the Skirmisher (level 5, -2/48 HPs)
             Began as a Minotaur Abyssal Knight on Mar 3, 2022.
             Was a Follower of Lugonu.
             Slain by an orc
             ... wielding a +0 short sword
              (5 damage)
             ... on level 3 of the Dungeon.
             The game lasted 00:05:04 (2162 turns).

prospektor the Skirmisher (Minotaur Abyssal Knight) Turns: 2162, Time: 00:05:05

Health: -2/48      AC:  3    Str: 19    XL:     5   Next: 3%
Magic:  5/5        EV: 12    Int:  7    God:    Lugonu [*.....]
Gold:   51         SH:  0    Dex: 11    Spells: 4/4 levels left

rFire   . . .      SeeInvis .   a - +1 short sword
rCold   . . .      Faith    .   (no shield)
rNeg    . . .      Spirit   .   b - +0 leather armour
rPois   .          Reflect  .   (helmet restricted)
rElec   .          Harm     .   (no cloak)
rCorr   .          Rampage  .   (no gloves)
Will    .....                   (no boots)
Stlth   +.........              (no amulet)
HPRegen 0.16/turn               (no ring)
MPRegen 0.09/turn               (no ring)

@: no status effects
A: horns 2, retaliatory headbutt
a: Renounce Religion, Depart the Abyss


You were on level 3 of the Dungeon.
You worshipped Lugonu.
Lugonu was aware of your devotion.
You visited 1 branch of the dungeon, and saw 3 of its levels.
You visited the Abyss 1 time.

You collected 51 gold pieces.

Inventory:

Hand Weapons
 a - a +1 short sword (weapon)
 i - a +0 rapier
Armour
 b - a +0 leather armour (worn)
 j - a +0 robe
Jewellery
 l - an amulet of magic regeneration
Wands
 k - a wand of flame (18)
Scrolls
 c - a scroll of identify {unknown}
 d - a scroll of teleportation {unknown}
 f - a scroll of summoning {unknown}
 g - 2 scrolls of blinking {unknown}
Potions
 e - a potion of mutation {unknown}
 h - a potion of flight {unknown}
 m - 2 potions of lignification {unknown}
 n - a potion of magic {unknown}


   Skills:
 + Level 5.3 Fighting
 + Level 3.4 Short Blades
 + Level 2.8 Armour
 + Level 2.5 Dodging
 + Level 2.0 Invocations


You had 4 spell levels left.
You didn't know any spells.
Your spell library was empty.

Dungeon Overview and Level Annotations

Branches:
Dungeon (3/15)

Altars:


Innate Abilities, Weirdness & Mutations

You have a pair of horns on your head.
You reflexively headbutt those who attack you in melee.


Message History

The magic dart hits you.
* * * LOW HITPOINT WARNING * * *
Okay, then.
You barely miss the orc. Your headbutt misses the orc.
The orc is almost dead.
You feel less confused. The orc barely misses you.
The kobold hits you but does no damage.
The orc wizard hits you with a +0 dagger.
* * * LOW HITPOINT WARNING * * *
You closely miss the orc wizard.
The orc wizard is severely wounded.
The orc barely misses you. The kobold barely misses you.
The orc wizard misses you. You furiously retaliate!
You headbutt the orc wizard!
You kill the orc wizard!
Lugonu accepts your kill.
You have reached level 5!
You closely miss the orc. You headbutt the orc.
You kill the orc!
Lugonu accepts your kill.
You closely miss the kobold.
The kobold hits you with a +0 short sword.
* * * LOW HITPOINT WARNING * * *
You completely miss the kobold. The kobold barely misses you.
You furiously retaliate!
You headbutt the kobold.
You kill the kobold!
Lugonu accepts your kill.
A hobgoblin comes into view.
The hobgoblin shouts!
Items here: ( ))) [ ††.
The orc barely misses you. You furiously retaliate!
You headbutt the orc, but do no damage. You hit the orc.
Your headbutt misses the orc.
The orc is moderately wounded.
The orc hits you with a +0 short sword.
* * * LOW HITPOINT WARNING * * *
You hit the orc.
The orc is severely wounded.
The orc hits you with a +0 short sword.
You die...

...## #.......#
....###
#.......#.#
......#
#...).....#
....#.# #)# ...##
# #.# ..## ###g#
.## #####.#.####.#
.# .............#
.# #####.#@####.#
.# ####o####.#
.###
#######.........#
...#
)..........######
...##########.####
.)............#
...############
...# ####


You could see an orc and a hobgoblin.

Vanquished Creatures
  Jessica (D:2)
  2 orc wizards (D:3)
  3 adders (D:2)
  A worm (D:2)
  An orc (D:3)
  5 ball pythons
  6 endoplasms
  A giant cockroach (D:2)
  A goblin (D:1)
  A hobgoblin (D:2)
  3 kobolds
  A quokka (D:1)
  5 bats
  6 frilled lizards
  4 rats
41 creatures vanquished.

Notes
Turn   | Place    | Note
-------+----------+-------------------------------------------
     0 | Abyss:1  | prospektor the Minotaur Abyssal Knight began the quest for
                  | the Orb.
     0 | Abyss:1  | Reached XP level 1. HP: 19/19 MP: 1/1
     0 | D:1      | Escaped the Abyss
   112 | D:1      | Reached skill level 4 in Fighting
   113 | D:1      | Reached XP level 2. HP: 17/27 MP: 2/2
   113 | D:1      | Reached * piety under Lugonu
  1062 | D:2      | Reached XP level 3. HP: 14/34 MP: 3/3
  1595 | D:2      | Noticed Jessica
  1604 | D:2      | Killed Jessica
  1605 | D:2      | Reached XP level 4. HP: 23/41 MP: 4/4
  2143 | D:3      | Reached skill level 5 in Fighting
  2151 | D:3      | Reached XP level 5. HP: 8/48 MP: 5/5
  2162 | D:3      | Slain by an orc

Illustrated notes

Levels and vault maps discovered:
D:1:      wander_arrival_lonely_grave, layout_basic
D:2:      layout_basic, kennysheep_minor_cross, minmay_misc_feat_chi,
          uniq_jessica
D:3:      layout_loops_ring, nicolae_overflow_hidden_temple, uniq_terence,
          uniq_sigmund

Skill      XL: |  1  2  3  4 |
---------------+-------------+-----
Fighting       | 4 5 |  5.3
Short Blades   | 3 |  3.4
Dodging        | 2 |  2.5
Invocations    | 2 |  2.0
Armour         | |  2.8

Action                   |  1- 3 |  4- 6 || total
-------------------------+-------+-------++-------
Melee: Short sword       |    64 |    22 ||    86
       Headbutt          |     9 |     4 ||    13
       Punch             |     1 |       ||     1
Invok: Depart the Abyss  |     1 |       ||     1
Armor: Leather armour    |    20 |     6 ||    26
Dodge: Dodged            |    44 |    15 ||    59
